 Dungeon Crawl Stone Soup version 0.19.0-2-gae57169 (webtiles) character file.

38 MovingMist the Skirmisher (level 3, -5/23 HPs)
             Began as a Gargoyle Fighter on Nov 6, 2016.
             Slain by a gnoll
             ... wielding a +0 flail
              (6 damage)
             ... on level 2 of the Dungeon.
             The game lasted 00:02:41 (1051 turns).

MovingMist the Skirmisher (Gargoyle Fighter)        Turns: 1051, Time: 00:02:42

Health: -5/23      AC: 12    Str: 19    XL:     3   Next: 43%
Magic:  3/3        EV:  7    Int:  8    God:
Gold:   45         SH:  9    Dex: 10    Spells: 0 memorised, 2 levels left

rFire  . . .     SeeInvis .     a - +0 flail
rCold  . . .     Gourm    .     b - +0 scale mail
rNeg   + . .     Faith    .     c - +0 shield
rPois  ∞         Spirit   .     p - +1 hat
rElec  +         Reflect  .     (no cloak)
rCorr  .         Harm     .     (no gloves)
MR     .....                    q - +0 pair of boots
Stlth  ..........               (no amulet)
                                (no ring)
                                (no ring)

@: no status effects
A: negative energy resistance 1, electricity resistance, unbreathing,
petrification resistance, rot immunity, AC +3
a: no special abilities


You were on level 2 of the Dungeon.
You were not hungry.

You visited 1 branch of the dungeon, and saw 2 of its levels.

You collected 45 gold pieces.

Inventory:

Hand Weapons
 a - a +0 flail (weapon)
Armour
 b - a +0 scale mail (worn)
 c - a +0 shield (worn)
 p - a +1 hat (worn)
 q - a +0 pair of boots (worn)
Scrolls
 e - a scroll of random uselessness {unknown}
 g - a scroll of fear {unknown}
 j - 3 scrolls of remove curse {unknown}
 l - a scroll of magic mapping {unknown}
 m - a scroll of teleportation {unknown}
Potions
 d - a potion of might
 i - a potion of degeneration {unknown}
 k - 2 potions of resistance {unknown}
 o - a potion of brilliance {unknown}
 r - a potion of cure mutation {unknown}
Comestibles
 f - 2 bread rations
 h - 4 fruits
 n - 6 chunks of flesh


   Skills:
 + Level 3.6 Fighting
 * Level 2.9 Maces & Flails
 - Level 3.2 Armour
 + Level 0.7 Dodging
 + Level 3.5 Shields


You had 2 spell levels left.
You didn't know any spells.

Dungeon Overview and Level Annotations

Branches:
Dungeon (2/15)

Altars:


Innate Abilities, Weirdness & Mutations

You are resistant to torment.
Your stone body is resilient. (AC +3)
You are immune to poison.
You resist negative energy. (rN+)
You are resistant to electric shocks. (rElec)
You can survive without breathing.
You are immune to petrification.
You are immune to rotting.


Message History

You block the gnoll's attack. The gnoll closely misses you.
The gnoll hits you but does no damage.
You hit the gnoll.
The gnoll is severely wounded.
The gnoll hits you from afar with a halberd!
You block the gnoll's attack.
The gnoll hits you from afar with a spear.
You block the gnoll's attack.
You hit the gnoll but do no damage.
The gnoll is severely wounded.
The gnoll hits you but does no damage. The gnoll hits you with a flail.
* * * LOW HITPOINT WARNING * * *
The gnoll hits you but does no damage. x2
You closely miss the gnoll.
The gnoll is severely wounded.
The gnoll barely misses you. You block the gnoll's attack.
The gnoll hits you from afar with a halberd.
* * * LOW HITPOINT WARNING * * *
The gnoll hits you with a flail.
You die...

##################
#...###......
#............ .
#...###...... ..
###.###...... ...
#.##....... ....
#.##....... .....
#.##....... .....g#####
#.##....... ....ggg@..#
#.##.......
....w####.####.##.......
... #...÷..#######+# .
#####........ #........
......... #.........
.......... #.#######..


You could see 4 gnolls and a dart slug (wandering).

Vanquished Creatures
  2 dart slugs (D:2)
  6 bats
  A giant cockroach (D:1)
  3 goblins (D:1)
  3 hobgoblins (D:1)
  2 jackals (D:2)
  A ball python (D:2)
  2 frilled lizards (D:1)
  9 kobolds
  5 rats
34 creatures vanquished.

Notes
Turn   | Place    | Note
-------+----------+-------------------------------------------
     0 | D:1      | MovingMist the Gargoyle Fighter began the quest for the Orb.
     0 | D:1      | Reached XP level 1. HP: 14/14 MP: 1/1
   287 | D:1      | Reached XP level 2. HP: 19/19 MP: 2/2
   802 | D:1      | Reached XP level 3. HP: 22/23 MP: 3/3
  1051 | D:2      | HP: 1/23 [gnoll/halberd (2)]
  1051 | D:2      | Slain by a gnoll

Action                   || total
-------------------------++-------
Melee: Flail             ||   104
  Eat: Chunk             ||     1
Armor: Scale mail        ||    57
Dodge: Dodged            ||    27
Block: Shield            ||    68
